 Dungeon Crawl Stone Soup version 0.31-a0-198-g2ad674f65e (webtiles) character file.

Game seed: 1564958218746997596

267 qw the Skirmisher (level 6, -3/34 HPs)
             Began as a Deep Elf Hunter on June 25, 2023.
             Slain by Pikel
             ... wielding a +2 whip of freezing
              (6 damage)
             ... on level 4 of the Dungeon.
             The game lasted 00:00:55 (2372 turns).

qw the Skirmisher (Deep Elf Hunter)                 Turns: 2372, Time: 00:00:55

Health: -3/34      AC:  6    Str: 10    XL:     6   Next: 0%
Magic:  8/8        EV: 12    Int: 14    God:
Gold:   205        SH:  0    Dex: 24    Spells: 5/5 levels left

rFire   + . .        Y - +0 shortbow
rCold   . . .        (shield currently unavailable)
rNeg    . . .        g - +0 ring mail
rPois   .            a - +0 helmet
rElec   .            (no cloak)
rCorr   .            (no gloves)
SInv    .            (no boots)
Will    .....        e - amulet of regeneration
Stlth   ++           i - ring of protection from fire
HPRegen 1.05/turn    k - +6 ring of dexterity
MPRegen 0.11/turn

%: no passive effects
@: no status effects
A: no striking features
a: no special abilities


You were on level 4 of the Dungeon.
You visited 1 branch of the dungeon, and saw 4 of its levels.

You collected 205 gold pieces.


   Skills:
 + Level 1.5 Fighting
 - Level 9.4 Ranged Weapons
 - Level 3.0 Dodging
 - Level 1.2 Stealth


You had 5 spell levels left.
You didn't know any spells.
Your spell library was empty.

Inventory:

Hand Weapons
 Y - a +0 shortbow (weapon)
Armour
 a - a +0 helmet (worn)
 g - a +0 ring mail (worn)
Jewellery
 e - an amulet of regeneration (around neck)
 i - a ring of protection from fire (left hand)
 j - a ring of ice
 k - a +6 ring of dexterity (right hand)
Scrolls
 b - a scroll of poison {unknown}
 c - a scroll of identify
Potions
 d - a potion of resistance
 f - a potion of attraction {unknown}
 h - a potion of berserk rage {unknown}
 l - a potion of brilliance {unknown}

Dungeon Overview and Level Annotations

Branches:
Dungeon (4/15)
 Temple: D:4-7

Altars:
Elyvilon
Ru

Annotations:
D:4 Pikel


Message History

Enter note: You shoot an arrow.
Pikel shouts!
The arrow hits Pikel.
Pikel is lightly wounded.
You hear a shout! x2
Pikel zaps a wand.
The puff of flame hits you. You resist.
You shoot an arrow. The arrow closely misses Pikel.
A lemure comes into view.
You shoot an arrow. The arrow hits Pikel!
Pikel is moderately wounded.
Pikel says, "You'll rust in Dis!"
Pikel zaps a wand.
The puff of flame misses you.
You shoot an arrow. The arrow hits Pikel!
Pikel is heavily wounded.
You shoot an arrow.
The arrow hits Pikel but does no damage.
Pikel is heavily wounded.
You shoot an arrow. The arrow hits Pikel.
Pikel is heavily wounded.
Pikel hits you with a +2 whip of freezing!
Pikel freezes you.
You shoot an arrow. The arrow closely misses Pikel.
Pikel hits you with a +2 whip of freezing.
Pikel freezes you.
You shoot an arrow.
The arrow hits Pikel but does no damage.
Pikel is heavily wounded.
Pikel completely misses you. Pikel hits you but does no damage.
You shoot an arrow.
The arrow hits Pikel but does no damage.
Pikel is heavily wounded.
Pikel hits you with a +2 whip of freezing.
Pikel freezes you.
You shoot an arrow.
The arrow hits Pikel but does no damage.
Pikel is heavily wounded.
Pikel hits you with a +2 whip of freezing!
Pikel freezes you.
You die...

#.######..........#
######..#####.###.#....#
....)......<..###.######
.........#######..#
###.......# #.##
###.......## #.#
.............. #.#
~~~.~~~~~.#### #.#
..~.....~.# #@#
~.~~~~~.~.....5K^#
~.~...~.~..#######
~.~.~.~.~....
[.~.~_~.~....
~~~.~~~.~...
..~.....~.>.
~.~~~~~~~... ...


You could see Pikel and a lemure.

Vanquished Creatures
  A bullfrog (D:4)
  A howler monkey (D:4)
  An orc priest (D:3)
  An iguana (D:3)
  4 adders
  A dart slug (D:4)
  2 orcs (D:3)
  6 ball pythons
  6 bats
  9 endoplasms
  A giant cockroach (D:4)
  2 goblins (D:3)
  4 hobgoblins
  11 jackals
  5 quokkas
  4 frilled lizards
  3 kobolds
  8 rats
70 creatures vanquished.

Notes
Turn   | Place    | Note
-------+----------+-------------------------------------------
     0 | D:1      | qw the Deep Elf Hunter began the quest for the Orb.
     0 | D:1      | Reached XP level 1. HP: 12/12 MP: 3/3
     0 | D:1      | 0 ||| qw: Version: 0.3-a-22-g0ed2b0b
     0 | D:1      | 0 ||| qw: Game counter: 5101
     0 | D:1      | 0 ||| qw: Melee chars always use a shield: true
     0 | D:1      | 0 ||| qw: God list: Okawaru
     0 | D:1      | 0 ||| qw: Allow faded altars: false
     0 | D:1      | 0 ||| qw: Do Orc after clearing Dungeon:15 true
     0 | D:1      | 0 ||| qw: Do second Lair branch before Depths: true
     0 | D:1      | 0 ||| qw: Lair rune preference: random
     0 | D:1      | 0 ||| qw: Goals: Normal
     0 | D:1      | 0 ||| PLANNING D:1-11
   330 | D:1      | Reached skill level 6 in Ranged Weapons
   330 | D:1      | Reached XP level 2. HP: 16/16 MP: 4/4
   720 | D:1      | 720 ||| UPGRADING to +0 ring mail.
   730 | D:1      | 730 ||| DROPPING +0 leather armour.
   731 | D:1      | 731 ||| UPGRADING to amulet of regeneration.
   736 | D:1      | 736 ||| UPGRADING to ring of protection from fire.
   737 | D:1      | 737 ||| UPGRADING to +6 ring of dexterity.
   738 | D:1      | 738 ||| READING scroll labelled MANKABE ZOUL.
   742 | D:1      | 742 ||| READING scroll labelled TEASIPR JAQAX.
   743 | D:1      | 743 ||| DRINKING 2 glowing emerald potions.
   744 | D:1      | 744 ||| DROPPING scroll of butterflies.
   863 | D:2      | Reached XP level 3. HP: 20/20 MP: 5/5
  1491 | D:2      | 1491 ||| UPGRADING to +0 helmet.
  1496 | D:2      | 1496 ||| READING scroll labelled KEWAXT XETTIJ.
  1497 | D:2      | 1497 ||| READING 3 scrolls labelled HEMUDE TUSOIG.
  1498 | D:2      | 1498 ||| READING 2 scrolls of identify.
  1498 | D:2      | 1498 ||| IDENTIFYING fizzy black potion
  1499 | D:2      | 1499 ||| DROPPING potion of magic.
  1531 | D:3      | 1531 ||| STAIRDANCE
  1565 | D:3      | Reached skill level 7 in Ranged Weapons
  1568 | D:3      | Reached XP level 4. HP: 16/25 MP: 6/6
  1692 | D:3      | 1692 ||| FLEEEEING.
  1696 | D:3      | 1696 ||| FLEEEEING.
  1697 | D:3      | 1697 ||| FLEEEEING.
  1698 | D:3      | 1698 ||| FLEEEEING.
  1704 | D:3      | Reached skill level 8 in Ranged Weapons
  1834 | D:3      | Reached XP level 5. HP: 29/29 MP: 7/7
  2215 | D:3      | 2215 ||| READING scroll labelled DIAFEW LUCIO.
  2216 | D:3      | 2216 ||| READING 2 scrolls of identify.
  2216 | D:3      | 2216 ||| IDENTIFYING fizzy silvery potion
  2217 | D:3      | 2217 ||| DROPPING potion of invisibility.
  2242 | D:4      | Reached skill level 3 in Dodging
  2249 | D:4      | Found a white marble altar of Elyvilon.
  2275 | D:4      | Found a sacrificial altar of Ru.
  2319 | D:4      | Reached skill level 9 in Ranged Weapons
  2319 | D:4      | Reached XP level 6. HP: 23/34 MP: 8/8
  2362 | D:4      | Noticed Pikel
  2372 | D:4      | HP: 3/34 [Pikel/+2 whip of freezing (12)]
  2372 | D:4      | Slain by Pikel

Levels and vault maps discovered:
D:1:      mainiacjoe_arrival_reflecting_pool, layout_loops_ring
D:2:      layout_loops_ring, kennysheep_big_empty_room, dk_noncrumbling_2,
          minmay_misc_feat_cross
D:3:      layout_rooms, corexii_leaking_fountain, kennysheep_small_spiral,
          minmay_misc_feat_x
D:4:      layout_rooms, mainiacjoe_overflow_catwalk_spiral, corner_web_ring,
          grunt_ministairs_13, interstate_on_off, uniq_pikel

Skill      XL: |  1  2  3  4  5 |
---------------+----------------+-----
Ranged Weapons | 6 7 8 9 |  9.4
Dodging        | 3 |  3.0
Fighting       | |  1.5
Stealth        | |  1.2

Action                     |  1- 3 |  4- 6 || total
---------------------------+-------+-------++-------
   Fire: Shortbow          |    85 |   117 ||   202
    Use: Scroll            |     5 |     2 ||     7
         Potion            |     1 |       ||     1
 Armour: Leather armour    |     1 |       ||     1
         Ring mail         |     9 |    23 ||    32
  Dodge: Dodged            |    23 |    43 ||    66

Table legend:
 A = Non-vault XP
 B = Vault XP
 C = Vault XP percentage of total XP
 D = Non-vault monster count
 E = Vault monster count
 F = Vault count percentage of total count
                 A         B        C        D         E       F
            +---------+---------+-------+---------+---------+-------
      Total |     382 |       0 |   0.0 |      70 |       0 |   0.0
            +---------+---------+-------+---------+---------+-------
        D:1 |      20 |       0 |   0.0 |      13 |       0 |   0.0
        D:2 |      41 |       0 |   0.0 |      17 |       0 |   0.0
        D:3 |     150 |       0 |   0.0 |      30 |       0 |   0.0
        D:4 |     171 |       0 |   0.0 |      10 |       0 |   0.0
            +---------+---------+-------+---------+---------+-------
